 Dungeon Crawl Stone Soup version 0.29.0-4-gdea44cf6ec (webtiles) character file.

Game seed: 10890095591795242700

30 qw the Chopper (level 3, -5/29 HPs)
             Began as a Barachi Chaos Knight on Sept 5, 2022.
             Slain by Terence
             ... wielding a +2 mace of protection
              (13 damage)
             ... on level 2 of the Dungeon.
             The game lasted 00:00:41 (1344 turns).

qw the Chopper (Barachi Chaos Knight)               Turns: 1344, Time: 00:00:42

Health: -5/29      AC:  5    Str: 15    XL:     3   Next: 18%
Magic:  3/3        EV: 11    Int: 12    God:
Gold:   24         SH:  0    Dex: 11    Spells: 2/2 levels left

rFire   . . .      SeeInvis .   Y - +0 hand axe (chaos)
rCold   . . .      Faith    .   (no shield)
rNeg    . . .      Spirit   .   b - +2 leather armour
rPois   .          Reflect  .   (no helmet)
rElec   .          Harm     .   (no cloak)
rCorr   .          Rampage  .   (no gloves)
Will    .....                   (no boots)
Stlth   +.........              (no amulet)
HPRegen 0.09/turn               (no ring)
MPRegen 0.08/turn               (no ring)

@: slow
A: amphibious, slowness 1, strong legs 1, +LOS
a: Hop


You were on level 2 of the Dungeon.
You visited 1 branch of the dungeon, and saw 2 of its levels.

You collected 24 gold pieces.


Innate Abilities, Weirdness & Mutations

You are amphibious.
You cover ground slowly.
You can hop short distances.
You have an extended range of vision and can be seen from far away.


   Skills:
 - Level 3.6 Fighting
 + Level 4.6 Axes
 - Level 2.4 Armour
 - Level 1.1 Dodging


You had 2 spell levels left.
You didn't know any spells.
Your spell library was empty.

Inventory:

Hand Weapons
 j - a +0 whip
 Y - a +0 hand axe of chaos (weapon)
Armour
 b - a +2 leather armour (worn)
Scrolls
 h - a scroll of identify
Potions
 d - a potion of might {unknown}
 f - a potion of mutation {unknown}
Miscellaneous
 c - a piece from Xom's chessboard (15/15)

Dungeon Overview and Level Annotations

Branches:
Dungeon (2/15)

Altars:

Shops:
D:1 [

Annotations:
D:2 Terence


Message History

It was a scroll of immolation.
Done exploring.
(D) Dungeon
Where to? (* - list waypoints, ? - help)
What level of the Dungeon? (default 1, ? - help)
You feel your willpower return.
There is a stone staircase leading down here.
You climb downwards.
Terence shouts!
Found a blue potion.
There is a stone staircase leading up here.
Terence is nearby!
Existing waypoints: (2) D:1 Assign waypoint to what number? (0-9, D - delete waypoint) Waypoint 1 assigned to D:2.
You barely miss Terence. Terence closely misses you.
You hit Terence.
Terence is moderately wounded.
Terence hits you with a +2 mace of protection.
You hit Terence but do no damage.
Terence is moderately wounded.
Terence hits you with a +2 mace of protection.
You barely miss Terence.
Terence is moderately wounded.
Terence hits you with a +2 mace of protection.
You hit Terence but do no damage.
Terence is moderately wounded.
Terence hits you with a +2 mace of protection!
You hit Terence.
Terence is heavily wounded.
Terence barely misses you.
You hit Terence.
Terence suddenly seems more agile.
Terence is severely wounded.
Terence hits you but does no damage.
You hit Terence but do no damage.
Terence seems to grow stronger.
Terence is severely wounded.
Terence hits you with a +2 mace of protection!
You die...

#....#..
#....#.##
..!....# #
......#.#
.....#.
..... ...
#@#######.
#@........
#########.


You could see Terence (strong, agile).

Vanquished Creatures
  6 bats (D:1)
  2 endoplasms (D:1)
  3 goblins (D:1)
  2 hobgoblins (D:1)
  2 quokkas (D:1)
  5 ball pythons (D:1)
  2 frilled lizards (D:1)
  4 kobolds (D:1)
  3 rats (D:1)
29 creatures vanquished.

Vanquished Creatures (others)
  A goblin zombie (D:1)
1 creature vanquished.

Grand Total: 30 creatures vanquished

Notes
Turn   | Place    | Note
-------+----------+-------------------------------------------
     0 | D:1      | qw the Barachi Chaos Knight began the quest for the Orb.
     0 | D:1      | Reached XP level 1. HP: 18/18 MP: 1/1
     0 | D:1      | 0 ||| qw: Version: 0.1-a-104-g96f76f8
     0 | D:1      | 0 ||| qw: Game counter: 5842
     0 | D:1      | 0 ||| qw: Always use a shield: true
     0 | D:1      | 0 ||| qw: God list: Okawaru
     0 | D:1      | 0 ||| qw: Allow faded altars: false
     0 | D:1      | 0 ||| qw: Do Orc after D:15 true
     0 | D:1      | 0 ||| qw: Do second Lair branch before Depths: true
     0 | D:1      | 0 ||| qw: Lair rune preference: random
     0 | D:1      | 0 ||| qw: Plans: Normal
     0 | D:1      | 0 ||| PLANNING D:1-11
     0 | D:1      | Fell from the grace of Xom
   175 | D:1      | Found a faded altar of an unknown god.
   227 | D:1      | Reached XP level 2. HP: 24/24 MP: 2/2
   307 | D:1      | Reached skill level 4 in Axes
   367 | D:1      | 367 ||| Stepping ~*~*~tactically~*~*~ (stealth).
   368 | D:1      | 368 ||| Stepping ~*~*~tactically~*~*~ (stealth).
   448 | D:1      | 448 ||| DROPPING +0 club.
   608 | D:1      | Found Qucyomid's Armour Shop.
   617 | D:1      | 617 ||| Stepping ~*~*~tactically~*~*~ (stealth).
   625 | D:1      | 625 ||| Stepping ~*~*~tactically~*~*~ (stealth).
   626 | D:1      | 626 ||| Stepping ~*~*~tactically~*~*~ (stealth).
   627 | D:1      | 627 ||| Stepping ~*~*~tactically~*~*~ (stealth).
   633 | D:1      | 633 ||| Stepping ~*~*~tactically~*~*~ (stealth).
   634 | D:1      | 634 ||| Stepping ~*~*~tactically~*~*~ (stealth).
   637 | D:1      | 637 ||| Stepping ~*~*~tactically~*~*~ (stealth).
   645 | D:1      | 645 ||| SHOPLISTING +0 chain mail (54 gold, have 15).
   645 | D:1      | 645 ||| SHOPLISTING +0 leather armour of Gravity {Drain
                  | +Inv rC+ Regen+} (208 gold, have 15).
   645 | D:1      | 645 ||| SHOPLISTING +0 pair of boots (54 gold, have 15).
   645 | D:1      | 645 ||| SHOPLISTING +0 scale mail (48 gold, have 15).
   645 | D:1      | 645 ||| SHOPLISTING +1 ice dragon scales (804 gold, have
                  | 15).
   645 | D:1      | 645 ||| SHOPLISTING +2 plate armour of poison resistance
                  | (444 gold, have 15).
   645 | D:1      | 645 ||| SHOPLISTING +3 ring mail of fire resistance (312
                  | gold, have 15).
   648 | D:1      | 648 ||| Stepping ~*~*~tactically~*~*~ (stealth).
   812 | D:1      | 812 ||| Stepping ~*~*~tactically~*~*~ (stealth).
   814 | D:1      | 814 ||| Stepping ~*~*~tactically~*~*~ (stealth).
   894 | D:1      | Reached XP level 3. HP: 28/29 MP: 3/3
  1279 | D:1      | 1279 ||| DROPPING scarf of harm.
  1280 | D:1      | 1280 ||| READING scroll labelled IJEAFIE GOMM.
  1281 | D:1      | 1281 ||| READING scroll labelled FOGYRA SISTROF.
  1282 | D:1      | 1282 ||| READING 2 scrolls labelled ROTO EXIUHAROA.
  1283 | D:1      | 1283 ||| READING scroll labelled JAOTUCESOL.
  1335 | D:2      | Noticed Terence
  1341 | D:2      | HP: 7/29 [Terence/+2 mace of protection (8)]
  1344 | D:2      | Slain by Terence

Levels and vault maps discovered:
D:1:      tarquinn_simple_flora_water_a, layout_basic,
          dreamdust_ecumenical_altar_hidden_monk_grotto, serial_shops,
          nicolae_shop_temple_entry_statues_fountains
D:2:      layout_loops_ring, uniq_terence

Skill      XL: |  1  2 |
---------------+-------+-----
Axes           | 4 |  4.6
Fighting       | |  3.6
Armour         | |  2.4
Dodging        | |  1.1

Action                   || total
-------------------------++-------
Melee: Hand axe          ||    83
Invok: Renounce Religion ||     1
  Use: Scroll            ||     4
Armor: Leather armour    ||    30
Dodge: Dodged            ||    38

Table legend:
 A = Non-vault XP
 B = Vault XP
 C = Vault XP percentage of total XP
 D = Non-vault monster count
 E = Vault monster count
 F = Vault count percentage of total count
                 A         B        C        D         E       F
            +---------+---------+-------+---------+---------+-------
      Total |      43 |       0 |   0.0 |      29 |       0 |   0.0
            +---------+---------+-------+---------+---------+-------
        D:1 |      43 |       0 |   0.0 |      29 |       0 |   0.0
            +---------+---------+-------+---------+---------+-------
